 Dungeon Crawl Stone Soup version 0.23.2-40-g277498a001 (webtiles) character file.

Game seed: 7192801153082338311

1637 H0rd4k the Thaumaturge (level 8, -6/41 HPs)
             Began as a Deep Elf Wizard on Oct 1, 2019.
             Mangled by a killer bee (7 damage)
             ... on level 8 of the Dungeon.
             The game lasted 00:14:49 (6968 turns).

H0rd4k the Thaumaturge (Deep Elf Wizard)            Turns: 6968, Time: 00:14:50

Health: -6/41      AC:  2    Str:  4    XL:     8   Next: 66%
Magic:  24/24      EV: 14    Int: 26    God:
Gold:   279        SH:  0    Dex: 13    Spells: 21/27 levels left

rFire    . . .     SeeInvis .   (no weapon)
rCold    + . .     Gourm    .   (no shield)
rNeg     . . .     Faith    .   a - +0 robe
rPois    .         Spirit   .   b - +0 hat
rElec    .         Reflect  .   (no cloak)
rCorr    .         Harm     .   (no gloves)
MR       .....                  (no boots)
Stlth    +++.......             (no amulet)
HPRegen  0.13/turn              q - ring of protection from cold
MPRegen  0.19/turn              (no ring)

@: lethally poisoned (-6 -> -32)
A: no striking features
a: no special abilities


You were on level 8 of the Dungeon.
You were not hungry.

You visited 2 branches of the dungeon, and saw 9 of its levels.
You also visited: Ossuary.

You collected 279 gold pieces.

Inventory:

Hand Weapons
 i - a +0 short sword of holy wrath
Armour
 a - a +0 robe (worn)
 b - a +0 hat (worn)
 m - a +0 pair of gloves
Jewellery
 q - a ring of protection from cold (left hand)
Wands
 s - a wand of acid (9)
 y - a wand of flame (14)
Scrolls
 c - 10 scrolls of identify
 e - a scroll of enchant weapon {unknown}
 f - 3 scrolls of magic mapping {unknown}
 g - 4 scrolls of enchant armour {unknown}
 h - 9 scrolls of teleportation {unknown}
 l - a scroll of blinking {unknown}
 o - 3 scrolls of remove curse {unknown}
 x - a scroll of summoning {unknown}
Potions
 j - a potion of invisibility
 k - 2 potions of flight {unknown}
 n - 3 potions of agility {unknown}
 p - a potion of cancellation {unknown}
 r - 2 potions of heal wounds {unknown}
 t - a potion of resistance {unknown}
 u - 8 potions of curing {unknown}
 v - a potion of magic {unknown}
 w - a potion of mutation {unknown}
Comestibles
 d - 13 rations


   Skills:
 + Level 4.4 Dodging
 + Level 4.4 Stealth
 + Level 10.0 Spellcasting
 + Level 7.6 Conjurations
   Level 1.1 Summonings
 + Level 1.7 Translocations
 + Level 2.0 Fire Magic


You had 21 spell levels left.
You knew the following spells:

 Your Spells              Type           Power        Failure   Level  Hunger
a - Magic Dart            Conj           ####         1%          1    None
b - Blink                 Tloc           N/A          3%          2    None
c - Conjure Flame         Conj/Fire      #####...     1%          3    None

Your spell library contained the following spells:

 Spells                   Type           Power        Failure   Level  Hunger
 Call Imp                 Summ           ###.....     4%          2    None
 Mephitic Cloud           Conj/Pois/Air  ####....     4%          3    None
 Slow                     Hex            ##......     7%          2    None


Dungeon Overview and Level Annotations

Branches:
Dungeon (9/15)             Temple (1/1) D:4
   Lair: D:8-11         Orc: D:9-12

Altars:
Ashenzari
Cheibriados
Dithmenos
Elyvilon
Fedhas
Gozag
Hepliaklqana
Kikubaaqudgha
Makhleb
Nemelex Xobeh
Okawaru
Qazlal
Ru
Trog
Uskayaw
Vehumet
Wu Jian
Xom
Yredelemnul
Zin

Annotations:
D:8 Prince Ribbit
D:9 exclusions: hornet and upstairs


Message History

The killer bee poisons you! The killer bee misses you.
The killer bee stings you but does no damage.
The killer bee closely misses you.
You hear an angry hiss.
You climb downwards.
Level annotation: Prince Ribbit You feel sick.
There is a stone staircase leading up here.
As you read the scroll labeled ALOMI VUSITA, it crumbles to dust.
It is a scroll of identify.
j - a potion of invisibility You feel sick.
The killer bee stings you. The killer bee barely misses you.
The killer bee stings you.
* * * LOW HITPOINT WARNING * * *
You are lethally poisoned!
The killer bee poisons you! The killer bee stings you!
* * * LOW HITPOINT WARNING * * *
You are more poisoned.
The killer bee poisons you! The killer bee stings you!
You die...

#####.# ##...##..#.....##.
##.....####...###.......##.
#........##..## #..........
###..#......## #....##|...
#.###.....# ###.(..###...
##### ##....###......###.##
#..# #....#.............#
##.## ##.y.............##.
##.#####y@....#......####.
#.......#y..##.....## #..
##...####.........## #.#
#....# ##.........# ##.#
##...## ##......[..###..#
##.#..# #.........#.#..##
#..#..###.....(..##....##
####.###..#.........##)....#
#.#..###..............)..#..


You could see 3 killer bees.

Vanquished Creatures
  A hippogriff (D:8)
  A wyvern (D:8)
  A sky beast (D:8)
  An ogre (D:8)
  A wyvern zombie (Ossuary)
  6 killer bees
  2 crimson imps
  A hound (D:5)
  3 bullfrog zombies
  3 jellies (D:8)
  A centaur skeleton (D:5)
  2 orc priests (D:8)
  2 bullfrog skeletons
  4 orc wizards
  An iguana (D:8)
  2 worker ants (D:4)
  A hound skeleton (D:8)
  A worker ant zombie (Ossuary)
  4 adders
  A howler monkey skeleton (D:8)
  A shadow imp (D:8)
  7 oozes
  An adder zombie (D:5)
  An adder skeleton (D:5)
  2 worms
  A dart slug (D:3)
  2 leopard geckos
  5 orcs
  2 bats (D:1)
  4 giant cockroaches
  10 goblins
  8 hobgoblins
  12 jackals
  2 quokkas
  2 ball pythons
  10 frilled lizards
  10 kobolds
  7 rats
126 creatures vanquished.

Vanquished Creatures (others)
  3 mummies (Ossuary)
  A withered plant (Ossuary)
4 creatures vanquished.

Grand Total: 130 creatures vanquished

Notes
Turn   | Place    | Note
-------+----------+-------------------------------------------
     0 | D:1      | H0rd4k the Deep Elf Wizard began the quest for the Orb.
     0 | D:1      | Reached XP level 1. HP: 10/10 MP: 7/7
   298 | D:1      | Reached XP level 2. HP: 15/15 MP: 5/9
   576 | D:1      | Reached skill level 5 in Spellcasting
   589 | D:1      | You fall through a shaft!
  1177 | D:2      | Reached XP level 3. HP: 19/19 MP: 6/11
  1181 | D:2      | Learned a level 2 spell: Blink
  1185 | D:2      | Learned a level 3 spell: Conjure Flame
  1916 | D:2      | Found a bloodstained altar of Trog.
  1920 | D:2      | Reached XP level 4. HP: 20/24 MP: 8/13
  1923 | D:2      | Found a hazy altar of Hepliaklqana.
  1937 | D:2      | Found a hide-covered altar of Uskayaw.
  1941 | D:2      | Found a burning altar of Makhleb.
  2804 | D:3      | Found a shattered altar of Ashenzari.
  2808 | D:3      | Reached skill level 6 in Spellcasting
  3288 | D:4      | Found a staircase to the Ecumenical Temple.
  3318 | Temple   | Entered the Ecumenical Temple
  3741 | D:4      | Reached XP level 5. HP: 28/28 MP: 3/15
  4226 | D:5      | Entered Level 5 of the Dungeon
  4454 | D:5      | Reached XP level 6. HP: 8/32 MP: 4/17
  4586 | D:5      | Found a sand-covered staircase.
  4595 | Ossuary  | Entered an ossuary
  4606 | Ossuary  | Reached skill level 7 in Spellcasting
  4688 | Ossuary  | Your ally bog died
  4751 | D:5      | You fall through a shaft for 3 floors!
  4914 | D:8      | Reached XP level 7. HP: 32/36 MP: 11/20
  5071 | D:8      | Reached skill level 5 in Conjurations
  5143 | D:8      | Reached skill level 8 in Spellcasting
  5346 | D:8      | Noticed Prince Ribbit
  5352 | D:8      | Noticed a wyvern
  5366 | D:8      | Killed a wyvern
  5366 | D:8      | Reached skill level 1 in Fire Magic
  5549 | D:8      | Reached skill level 9 in Spellcasting
  5549 | D:8      | Reached XP level 8. HP: 41/41 MP: 12/23
  5893 | D:8      | Found an iron altar of Okawaru.
  6148 | D:8      | Noticed a hippogriff
  6155 | D:8      | Killed a hippogriff
  6592 | D:9      | Noticed a hornet
  6618 | D:9      | Reached skill level 10 in Spellcasting
  6795 | D:8      | Found a snail-covered altar of Cheibriados.
  6879 | D:8      | Found a sacrificial altar of Ru.
  6884 | D:8      | Found a blossoming altar of Fedhas.
  6968 | D:8      | HP: 1/41 [killer bee (9)]
  6968 | D:8      | Mangled by a killer bee

Skill      XL: |  1  2  3  4  5  6  7  8 |
---------------+-------------------------+-----
Dodging        | 3 4 |  4.4
Spellcasting   | 5 6 7 9 10 | 10.0
Conjurations   | 2 3 4 6 7 |  7.6
Stealth        | 3 4 |  4.4
Fire Magic     | 1 2 |  2.0
Summonings     | |  1.1
Translocations | |  1.7

Action                   |  1- 3 |  4- 6 |  7- 9 || total
-------------------------+-------+-------+-------++-------
Melee: Unarmed           |     5 |       |       ||     5
 Cast: Magic Dart        |   113 |   167 |   121 ||   401
       Conjure Flame     |       |     9 |    12 ||    21
       Blink             |       |     3 |     1 ||     4
Evoke: Wand              |       |     8 |       ||     8
  Use: Scroll            |       |       |     1 ||     1
  Eat: Chunk             |     2 |    10 |     4 ||    16
       Ration            |       |       |     1 ||     1
Armor: Robe              |     2 |    13 |     3 ||    18
Dodge: Dodged            |    24 |    50 |    23 ||    97
